 Dungeon Crawl Stone Soup version 0.29-a0-416-g83a48905f1 (webtiles) character file.

Game seed: 124831072255489924

3497 bande the Cleaver (level 10, 0/61 HPs)
             Began as a Gargoyle Fighter on May 17, 2022.
             Was an Elder of Okawaru.
             Killed from afar by a raiju (3 damage)
             ... with a living lightning
             ... on level 2 of the Abyss.
             The game lasted 00:14:44 (8694 turns).

bande the Cleaver (Gargoyle Fighter)                Turns: 8694, Time: 00:14:45

Health: 0/61       AC: 25    Str: 24    XL:     10   Next: 7%
Magic:  12/12      EV:  6    Int:  8    God:    Okawaru [****..]
Gold:   636        SH:  9    Dex: 13    Spells: 9/9 levels left

rFire   + + .      SeeInvis .   a - +1 war axe (venom)
rCold   x . .      Faith    .   c - +0 buckler
rNeg    + . .      Spirit   .   p - +1 plate armour "Jifopei" {rC- rCorr Str+3}
rPois   ∞          Reflect  .   j - +0 helmet
rElec   +          Harm     .   (no cloak)
rCorr   +          Rampage  .   l - +0 pair of gloves
Will    .....                   b - +0 pair of boots
Stlth   ..........              (no amulet)
HPRegen 0.20/turn               g - ring of protection from fire
MPRegen 0.13/turn               w - ring of protection from fire

@: about to teleport
A: sickness immunity, AC +7, negative energy resistance 1, electricity
resistance, torment resistance 1, petrification resistance, large bone plates 1,
camouflage 1, low MP 1, subdued magic 1
a: Renounce Religion, Heroism, Finesse


You were on level 2 of the Abyss.
You worshipped Okawaru.
Okawaru was greatly pleased with you.
You visited 2 branches of the dungeon, and saw 9 of its levels.
You visited the Abyss 1 time.
You also visited: Ossuary.

You collected 636 gold pieces.

Inventory:

Hand Weapons
 a - a +1 war axe of venom (weapon)
 A - a +2 vorpal flail
Armour
 b - a +0 pair of boots (worn)
 c - a +0 buckler (worn)
 f - a +0 plate armour
 j - a +0 helmet (worn)
 l - a +0 pair of gloves (worn)
 p - the +1 plate armour "Jifopei" (worn) {rC- rCorr Str+3}
   (You found it on level 3 of the Dungeon)

   Str:       It affects your strength (+3).
   rC:        It makes you vulnerable to cold.
   rCorr:     It protects you from acid and corrosion.
Jewellery
 g - a ring of protection from fire (left hand)
 q - a ring of ice
 w - a ring of protection from fire (right hand)
Wands
 B - a wand of acid (7)
Scrolls
 s - 2 scrolls of magic mapping
 t - 2 scrolls of fear
 y - 3 scrolls of identify
 z - a scroll of noise {unknown}
Potions
 e - 3 potions of brilliance
 h - a potion of cancellation {unknown}
 i - 3 potions of mutation
 k - 4 potions of flight
 m - 2 potions of heal wounds {unknown}
 n - a potion of berserk rage {unknown}
 o - 2 potions of lignification {unknown}
 r - a potion of haste
 u - 2 potions of curing
 v - 4 potions of invisibility


   Skills:
 + Level 6.4 Fighting
 + Level 9.2 Axes
 + Level 6.8 Armour
 + Level 0.2 Dodging
 + Level 5.7 Shields
 * Level 5.6 Invocations


You had 9 spell levels left.
You didn't know any spells.
Your spell library contained the following spells:

 Spells                   Type           Power      Damage    Failure   Level
 Ensorcelled Hibernation  Hex/Ice        0%         N/A       100%        2
 Passwall                 Tmut/Erth      0%         N/A       100%        2
 Inner Flame              Hex/Fire       0%         N/A       100%        3
 Swiftness                Air            0%         N/A       100%        3
 Cause Fear               Hex            0%         N/A       100%        4
 Discord                  Hex            0%         N/A       100%        8


Dungeon Overview and Level Annotations

Branches:
Dungeon (8/15)             Temple (1/1) D:5            Lair (0/6) D:8
Ossuary (visited)

Altars:
Dithmenos
Fedhas
Hepliaklqana
Kikubaaqudgha
Makhleb
Nemelex Xobeh
Okawaru
Ru
Vehumet
Xom
Zin
Beogh

Shops:
D:3 [?(   D:8 *

Annotations:
D:6 1 runed translucent door, HendSelp's ghost, novice OpTm
D:8 Psyche


Innate Abilities, Weirdness & Mutations

You are immune to sickness and miasma.
Your stone body is resilient. (AC +7)
You are immune to poison.
You resist negative energy. (rN+)
You are resistant to electric shocks. (rElec)
You are resistant to unholy torment.
You are immune to petrification.
You are partially covered in large bone plates. (SH +4)
Your skin changes colour to match your surroundings (Stealth+).
Your magical capacity is low. (-10% MP)
Your spells are a little easier to cast, but a little less powerful.


Message History

You closely miss the small abomination. You hit the smoke demon.
The smoke demon is poisoned.
The raiju bites you.
* * * LOW HITPOINT WARNING * * *
The raiju shocks you. You resist.
* * * LOW HITPOINT WARNING * * *
A large abomination comes into view.
The smoke demon hits you but does no damage.
You block the smoke demon's attack.
The smoke demon hits you but does no damage.
The small abomination hits you but does no damage.
You feel better. The small abomination hits you.
* * * LOW HITPOINT WARNING * * *
The starspawn tentacle grabs you. The starspawn tentacle constricts you.
The raiju bursts into living lightning!
The living lightning hits you. You resist.
* * * LOW HITPOINT WARNING * * *
The raiju blinks!
The smoke demon gestures at you.
The ball of steam hits you but does no damage.
You resist.
You miss the raiju.
The raiju is lightly wounded.
You completely miss the small abomination.
You slash the smoke demon!
The smoke demon looks as sick as possible!
You hit the starspawn tentacle.
You block the small abomination's attack.
The starspawn tentacle loses its grip on you.
The tentacle pulls you backwards! The starspawn tentacle grabs you.
The starspawn tentacle constricts you.
The raiju is engulfed in a cloud of scalding steam.
You block the raiju's attack.
You escape the starspawn tentacle's grasp.
The smoke demon attacks as you move away!
You block the smoke demon's attack. x2
The smoke demon hits you but does no damage. x4
The raiju is engulfed in a cloud of scalding steam.
The raiju bursts into living lightning!
The living lightning hits you. You resist.
You die...

. ##.##....##.
#
..####....#..#
.....## .....#
#
..#..#..#####
# .
#.─w#.###...
#..#.##..#...
#.#.x5...# #.
###h#..## #.
##3@.#... #
#w#.#.#. #│..#
.X..# ...#X#
#....#. ...#.
.. .... . ..∩


You could see a tentacled starspawn, a large abomination, a smoke demon
(extremely poisoned), a raiju (very poisoned), a small abomination and a
starspawn tentacle.

Vanquished Creatures
  A deep elf pyromancer (D:7)
  A komodo dragon (D:8)
  A steam dragon (D:7)
  2 water moccasins
  An orc warrior (D:8)
  A sky beast (D:8)
  An ice beast (D:7)
  3 ogres
  A phantom (Temple)
  A centaur (D:7)
  A kobold brigand (D:7)
  3 bullfrogs (D:7)
  A necrophage (D:8)
  A gnoll sergeant (D:6)
  11 killer bees
  4 howler monkeys
  2 centaur zombies (Ossuary)
  4 hounds
  An orc priest (D:7)
  A human zombie (Ossuary)
  2 iguanas
  6 orc wizards
  2 mummies (Ossuary)
  A hound skeleton (D:8)
  5 gnolls (D:6)
  8 adders
  2 shadow imps
  2 white imps (D:6)
  2 ufetubi (D:7)
  7 worms
  2 dart slugs
  20 orcs
  5 bats
  5 endoplasms
  17 giant cockroaches
  3 goblins
  4 hobgoblins
  4 jackals
  12 kobolds
  A quokka (D:3)
  6 ball pythons
  3 frilled lizards
  5 goblin zombies (Ossuary)
  9 hobgoblin zombies (Ossuary)
  13 kobold zombies (Ossuary)
  6 orc zombies (Ossuary)
  7 rats
  A rat zombie (Ossuary)
202 creatures vanquished.

Vanquished Creatures (others)
  4 plants
  A starspawn tentacle (Abyss:2)
5 creatures vanquished.

Grand Total: 207 creatures vanquished

Notes
Turn   | Place    | Note
-------+----------+-------------------------------------------
     0 | D:1      | bande the Gargoyle Fighter began the quest for the Orb.
     0 | D:1      | Reached XP level 1. HP: 14/14 MP: 1/1
   652 | D:2      | Reached skill level 2 in Axes
   652 | D:2      | Reached XP level 2. HP: 14/19 MP: 2/2
   806 | D:2      | Reached XP level 3. HP: 16/23 MP: 3/3
  1147 | D:2      | Found a faded altar of an unknown god.
  1608 | D:2      | Reached XP level 4. HP: 28/29 MP: 4/4
  1883 | D:3      | Reached skill level 3 in Axes
  2107 | D:3      | Found Teecal's Antique Armour Emporium.
  2130 | D:3      | Found Rogusk's Magic Scroll Boutique.
  2243 | D:3      | Found Feuss's Weapon Boutique.
  2279 | D:3      | Identified the +1 plate armour "Jifopei" {rC- rCorr Str+3}
  2364 | D:4      | Reached XP level 5. HP: 26/33 MP: 5/5
  2465 | D:4      | Noticed an ogre
  2475 | D:4      | Killed an ogre
  2476 | D:4      | Reached skill level 4 in Axes
  2701 | D:4      | Noticed an ogre
  2708 | D:4      | Reached XP level 6. HP: 24/38 MP: 6/6
  3012 | D:4      | Found a sand-covered staircase.
  3021 | Ossuary  | Entered an ossuary
  3130 | Ossuary  | Reached skill level 5 in Axes
  3197 | Ossuary  | Reached XP level 7. HP: 43/44 MP: 7/7
  3424 | D:4      | Found a shadowy altar of Dithmenos.
  3877 | D:5      | Entered Level 5 of the Dungeon
  3963 | D:5      | Found a glowing silver altar of Zin.
  3973 | D:5      | Found a hazy altar of Hepliaklqana.
  4010 | D:5      | Found a staircase to the Ecumenical Temple.
  4024 | Temple   | Entered the Ecumenical Temple
  4035 | Temple   | Reached skill level 6 in Axes
  4066 | Temple   | Became a worshipper of Warmaster Okawaru
  4324 | D:5      | Found a sparkling altar of Nemelex Xobeh.
  4656 | D:5      | Reached skill level 5 in Fighting
  4656 | D:5      | Reached skill level 1 in Invocations
  4656 | D:5      | Reached XP level 8. HP: 35/49 MP: 8/8
  5157 | D:6      | Gained mutation: Your skin changes colour to match your
                  | surroundings (Stealth+). [potion of mutation]
  5157 | D:6      | Gained mutation: Your magical capacity is low. (-10% MP)
                  | [potion of mutation]
  5157 | D:6      | Gained mutation: Your spells are a little easier to cast,
                  | but a little less powerful. [potion of mutation]
  5157 | D:6      | Gained mutation: You are partially covered in large bone
                  | plates. (SH +4) [potion of mutation]
  5238 | D:6      | Reached * piety under Okawaru
  5239 | D:6      | Reached skill level 5 in Armour
  5332 | D:6      | Reached skill level 7 in Axes
  5817 | D:6      | Noticed a +2 scimitar of chaos
  5818 | D:6      | Found a runed translucent door.
  5818 | D:6      | Found a shimmering altar of Xom.
  5818 | D:6      | Noticed HendSelp's ghost (novice OpTm)
  6579 | D:7      | Noticed a deep elf pyromancer
  6585 | D:7      | Killed a deep elf pyromancer
  6585 | D:7      | Reached ** piety under Okawaru
  6586 | D:7      | Reached skill level 8 in Axes
  6586 | D:7      | Reached XP level 9. HP: 46/55 MP: 10/10
  6940 | D:7      | Reached skill level 5 in Shields
  6954 | D:7      | Reached *** piety under Okawaru
  7539 | D:8      | Found Yshrau Jeda's Assorted Antiques.
  7587 | D:8      | Found a staircase to the Lair.
  7588 | D:8      | Noticed a komodo dragon
  7608 | D:8      | Killed a komodo dragon
  7609 | D:8      | Reached skill level 9 in Axes
  7992 | D:8      | Reached skill level 5 in Invocations
  7999 | D:8      | Reached **** piety under Okawaru
  8000 | D:8      | Reached XP level 10. HP: 58/61 MP: 12/12
  8219 | D:8      | Found a burning altar of Makhleb.
  8256 | D:8      | Noticed Psyche
  8624 | D:8      | Cast into level 2 of the Abyss (Psyche)
  8681 | Abyss:2  | Noticed a smoke demon
  8683 | Abyss:2  | Noticed a tentacled starspawn
  8691 | Abyss:2  | HP: 3/61 [raiju (3)]
  8691 | Abyss:2  | Noticed a large abomination
  8694 | Abyss:2  | Killed from afar by a raiju

Illustrated notes

Levels and vault maps discovered:
D:1:      scummos_arrival_hexagon, layout_rooms, serial_bayou,
          serial_bayou_shore_b, serial_bayou_shore_b, serial_bayou_pond_c,
          serial_bayou_ford_a
D:2:      minmay_roachtagon, layout_loops_ring,
          hellmonk_ecumenical_altar_arch_garden
D:3:      layout_basic, serial_shops, shop, shop_coins,
          nicolae_shop_bloodbath_and_beyond, minmay_surrounded
D:4:      layout_loops_cross, grunt_dithmenos_smoke_and_mirrors,
          chequers_ossuary_entry_cave, chequers_big_river
D:5:      layout_cave_pods, mainiacjoe_overflow_tiny_flanked,
          mainiacjoe_overflow_big_doors, minmay_temple_entry_trees
D:6:      layout_loops_ring, ebering_ghost_xom
D:7:      layout_basic, guppyfry_early_elven_hall
D:8:      gammafunk_beogh_shrine, layout_loops_ring,
          makhleb_blood_cavern_becter, david_lair_shrubbed, special_room
          [special_room_orc], nicolae_inconvenience_store, uniq_maurice,
          uniq_psyche
Temple:   eino_temple_scatter_basement
Abyss:2:  base:
D:2

Skill      XL: |  1  2  3  4  5  6  7  8  9 |
---------------+----------------------------+-----
Axes           | 2 3 4 5 6 8 9 |  9.2
Fighting       | 4 5 6 |  6.4
Armour         | 4 5 6 |  6.8
Shields        | 4 5 |  5.7
Invocations    | 1 3 5 |  5.6
Dodging        | |  0.2

Action                   |  1- 3 |  4- 6 |  7- 9 | 10-12 || total
-------------------------+-------+-------+-------+-------++-------
Melee: War axe           |   113 |   181 |   323 |    42 ||   659
  Use: Scroll            |     6 |     4 |    10 |     1 ||    21
       Potion            |       |       |     1 |     2 ||     3
Armor: Plate armour      |   109 |   147 |   229 |    44 ||   529
       Scale mail        |     3 |       |       |       ||     3
Dodge: Dodged            |    42 |    47 |    96 |     9 ||   194
Block: Buckler           |    26 |    41 |   104 |    24 ||   195

Table legend: (Time is in decaauts)
 A = Elapsed time spent in this place.
 B = Non-inter-level travel time spent in this place.
 C = Inter-level travel time spent in this place.
 D = Time resting spent in this place.
 E = Time spent auto-exploring this place.
 F = Levels seen in this place.
 G = Mean time per level.
                   A        B        C        D        E       F      G
               +--------+--------+--------+--------+--------+-----+--------+
         Total |   8894 |   8797 |     97 |   1771 |   5172 |  11 |  808.5 |
       Dungeon |   8463 |   8384 |     79 |   1771 |   5058 |   8 | 1057.9 |
        Temple |     64 |     46 |     18 |      0 |     25 |   1 |   64.0 |
         Abyss |     70 |     70 |      0 |      0 |      0 |   1 |   70.0 |
       Ossuary |    296 |    296 |      0 |      0 |     89 |   1 |  296.0 |
               +--------+--------+--------+--------+--------+-----+--------+

Top non-repeatable levels by time:
     D:7: 1660 daAuts
     D:4: 1299 daAuts
     D:6: 1244 daAuts
     D:2: 1166 daAuts
     D:5: 1036 daAuts
     D:8: 789 daAuts
     D:1: 666 daAuts
     D:3: 600 daAuts
 Ossuary: 296 daAuts
 Abyss:2: 70 daAuts
  Temple: 64 daAuts
